 Dungeon Crawl Stone Soup version 0.29.1-13-g9f3cf754e1 (webtiles) character file.

Game seed: 1320417448456342978

22 wolfrpgdude the Trooper (level 3, -1/29 HPs)
             Began as a Human Fighter on Feb 4, 2023.
             Slain by a kobold
             ... wielding a +0 whip
              (5 damage)
             ... on level 1 of the Dungeon.
             The game lasted 00:01:04 (649 turns).

wolfrpgdude the Trooper (Human Fighter)              Turns: 649, Time: 00:01:04

Health: -1/29      AC:  6    Str: 16    XL:     3   Next: 7%
Magic:  3/3        EV:  5    Int: 10    God:
Gold:   10         SH:  4    Dex: 12    Spells: 2/2 levels left

rFire   . . .      SeeInvis .   a - +0 long sword
rCold   . . .      Faith    .   c - +0 buckler
rNeg    . . .      Spirit   .   b - +0 scale mail
rPois   +          Reflect  .   (no helmet)
rElec   .          Harm     .   (no cloak)
rCorr   .          Rampage  .   (no gloves)
Will    .....                   (no boots)
Stlth   ..........              (no amulet)
HPRegen 0.09/turn               f - ring of poison resistance
MPRegen 0.08/turn               (no ring)

@: mighty, constricted
A: no striking features
a: no special abilities


You were on level 1 of the Dungeon.
You visited 1 branch of the dungeon, and saw 1 of its levels.

You collected 10 gold pieces.

Inventory:

Hand Weapons
 a - a +0 long sword (weapon)
Armour
 b - a +0 scale mail (worn)
 c - a +0 buckler (worn)
Jewellery
 f - a ring of poison resistance (left hand)
Potions
 e - a potion of curing {unknown}


   Skills:
 + Level 3.5 Fighting
 + Level 2.1 Long Blades
 + Level 3.2 Armour
 + Level 3.2 Shields


You had 2 spell levels left.
You didn't know any spells.
Your spell library was empty.

Dungeon Overview and Level Annotations

Branches:
Dungeon (1/15)

Altars:


Message History

You hit the kobold.
The kobold is severely wounded.
The kobold completely misses you. The kobold hits you but does no damage.
The rat bites you but does no damage. The kobold barely misses you.
The kobold closely misses you.
The kobold hits you but does no damage. x2
The kobold hits you with a +0 whip. The rat bites you but does no damage.
The kobold closely misses you.
You barely miss the kobold.
The kobold is severely wounded.
The kobold hits you with a +0 whip. The kobold closely misses you.
The kobold hits you with a +0 dagger. The kobold barely misses you.
The rat bites you but does no damage.
You are too injured to fight recklessly!
You are too injured to fight recklessly!
The kobold attacks as you move away! The kobold hits you with a +0 dagger.
The rat attacks as you move away! The rat bites you but does no damage.
You closely miss the bat. The bat hits you but does no damage.
The kobold closely misses you. The kobold hits you but does no damage.
The rat bites you but does no damage. The kobold hits you with a +0 dagger.
* * * LOW HITPOINT WARNING * * *
The kobold hits you but does no damage. You block the kobold's attack.
The kobold hits you with a +0 dagger.
* * * LOW HITPOINT WARNING * * *
The kobold closely misses you. You block the rat's attack.
You feel very mighty all of a sudden. The kobold barely misses you.
You block the kobold's attack.
The kobold hits you but does no damage. x2
The rat bites you but does no damage.
You hit the kobold.
You kill the kobold!
The kobold hits you but does no damage. The kobold hits you with a +0 dagger.
* * * LOW HITPOINT WARNING * * *
The rat bites you but does no damage. The kobold barely misses you.
You block the ball python's attack. The ball python grabs you.
The ball python constricts you.
You slash the kobold!
You kill the kobold!
The bat hits you but does no damage. You block the kobold's attack.
The rat bites you but does no damage. The kobold hits you with a +0 whip.
You die...

#.........# #.........#
##########
#.........###..........
#.........##...........
###.........#............
............#............
............#..........?.
#...........#....r.......
##..............@S.......
##.....^.....#.K)K†......
..........).###..b.......
.##........## #..........
.........).. ............
#........................
##.......................
##.......................
....)....................


You could see a bat, a ball python, 2 kobolds and a rat.

Vanquished Creatures
  A dart slug (D:1)
  A ball python (D:1)
  A bat (D:1)
  3 endoplasms (D:1)
  2 goblins (D:1)
  2 hobgoblins (D:1)
  2 jackals (D:1)
  3 kobolds (D:1)
  3 frilled lizards (D:1)
18 creatures vanquished.

Notes
Turn   | Place    | Note
-------+----------+-------------------------------------------
     0 | D:1      | wolfrpgdude the Human Fighter began the quest for the Orb.
     0 | D:1      | Reached XP level 1. HP: 18/18 MP: 1/1
   171 | D:1      | Reached XP level 2. HP: 19/24 MP: 2/2
   631 | D:1      | Reached XP level 3. HP: 22/29 MP: 3/3
   649 | D:1      | Slain by a kobold

Illustrated notes

Levels and vault maps discovered:
D:1:      nzn_arrival_settlement, layout_rooms, nicolae_figureground_sparkle

Action                   || total
-------------------------++-------
Melee: Long sword        ||    51
  Use: Potion            ||     1
Armor: Scale mail        ||    50
Dodge: Dodged            ||    33
Block: Buckler           ||    21
